 Dungeon Crawl Stone Soup version 0.29-a0-653-gd47aff6735 (webtiles) character file.

Game seed: 15545826231382341836

639 happo123 the Gusty (level 7, 0/40 HPs)
             Began as a Tengu Air Elementalist on June 22, 2022.
             Was an Initiate of Vehumet.
             Succumbed to a gnoll sergeant's poison
             ... on level 6 of the Dungeon.
             The game lasted 00:31:58 (4374 turns).

happo123 the Gusty (Tengu Air Elementalist)         Turns: 4374, Time: 00:31:59

Health: 0/40       AC:  3    Str:  9    XL:     7   Next: 50%
Magic:  4/12       EV: 19    Int: 17    God:    Vehumet [......]
Gold:   289        SH:  0    Dex: 14    Spells: 2/12 levels left

rFire   . . .      SeeInvis .   u - +4 short sword "Hellblazer" {venom, rN+}
rCold   . . .      Faith    .   (no shield)
rNeg    + . .      Spirit   .   a - +0 robe
rPois   .          Reflect  .   (helmet restricted)
rElec   .          Harm     .   (no cloak)
rCorr   .          Rampage  .   n - +0 pair of gloves
Will    .....                   (boots unavailable)
Stlth   ++........              A - amulet of regeneration
HPRegen 0.93/turn               F - +4 ring of evasion
MPRegen 0.13/turn               (no ring)

@: lethally poisoned (0 -> -16), flying quickly and evasively, very slightly
contaminated, quick
A: beak, talons 3, nimble flight
a: Renounce Religion


You were on level 6 of the Dungeon.
You worshipped Vehumet.
Vehumet was noncommittal.
You visited 2 branches of the dungeon, and saw 7 of its levels.

You collected 289 gold pieces.

Inventory:

Hand Weapons
 e - a +0 short sword
 u - the +4 short sword "Hellblazer" (weapon) {venom, rN+}
   (You found it on level 3 of the Dungeon)

   It poisons the flesh of those it strikes.
   rN:        It protects you from negative energy.
Armour
 a - a +0 robe (worn)
 n - a +0 pair of gloves (worn)
 B - an orb of guile
Jewellery
 A - an amulet of regeneration (around neck)
 F - a +4 ring of evasion (left hand)
 H - an amulet of faith
Scrolls
 f - 2 scrolls of vulnerability {unknown}
 g - 3 scrolls of fog {unknown}
 i - a scroll of magic mapping {unknown}
 k - 3 scrolls of identify {unknown}
 o - 2 scrolls of poison {unknown}
 p - 2 scrolls of brand weapon {unknown}
 r - 2 scrolls of noise {unknown}
 s - a scroll of teleportation {unknown}
 w - a scroll of silence {unknown}
 x - a scroll of fear {unknown}
 y - a scroll of enchant armour {unknown}
 D - a scroll of amnesia {unknown}
 G - a scroll of summoning {unknown}
Potions
 b - a potion of magic
 c - 2 potions of invisibility {unknown}
 d - a potion of brilliance {unknown}
 h - 2 potions of curing {unknown}
 j - 2 potions of might {unknown}
 l - a potion of haste {unknown}
 m - 3 potions of mutation {unknown}
 q - 3 potions of ambrosia {unknown}
 t - a potion of flight {unknown}
 v - a potion of attraction {unknown}
 z - a potion of berserk rage {unknown}
 C - 2 potions of resistance {unknown}
 E - a potion of degeneration {unknown}


   Skills:
 + Level 2.2 Fighting
 + Level 3.5 Dodging
 + Level 3.3 Stealth
 + Level 3.1 Spellcasting
 * Level 4.9 Conjurations
 + Level 1.1 Hexes
 * Level 6.6 Air Magic


You had 2 spell levels left.
You knew the following spells:

 Your Spells              Type           Power      Damage    Failure   Level
a - Shock                 Conj/Air       88%        1d8       1%          1
b - Static Discharge      Conj/Air       22%        N/A       2%          2
c - Swiftness             Air            25%        N/A       3%          3
d - Airstrike             Air            12%        N/A       11%         4

Your spell library contained the following spells:

 Spells                   Type           Power      Damage    Failure   Level
 Summon Guardian Golem    Hex/Summ       4%         N/A       38%         3
 Fulminant Prism          Conj/Hex       6%         3d7       43%         4
 Iskenderun's Mystic Bla  Conj/Tloc      11%        2d4       54%         4
 Lee's Rapid Deconstruct  Erth           1%         3d5*      99%         5
 Orb of Destruction       Conj           9%         9d6       100%        7
 Spellforged Servitor     Conj/Summ      5%         N/A       100%        7


Dungeon Overview and Level Annotations

Branches:
Dungeon (6/15)             Temple (1/1) D:5

Altars:
Cheibriados
Dithmenos
Elyvilon
Fedhas
Gozag
Hepliaklqana
Kikubaaqudgha
Makhleb
Nemelex Xobeh
Okawaru
Qazlal
Ru
Sif Muna
Trog
Vehumet
Zin
The Shining One

Shops:
D:4 =


Innate Abilities, Weirdness & Mutations

You have a beak for a mouth.
You have claws for feet.
Your magical nature lets you fly swiftly and evasively.


Message History

Okay, then.
Aiming: Shock (safe; 1% risk of failure)
Press: ? - help, Q - select action, (/) - cycle Shift-Dir - straight line The zap hits the gnoll sergeant.
The gnoll sergeant is moderately wounded.
The zap hits the gnoll sergeant.
The gnoll sergeant is heavily wounded.
Aiming: Shock (safe; 1% risk of failure)
Press: ? - help, Q - select action, (/) - cycle Shift-Dir - straight line The zap hits the gnoll sergeant.
The gnoll sergeant is heavily wounded.
The zap hits the gnoll sergeant.
The gnoll sergeant is severely wounded.
The gnoll sergeant hits you from afar with a +1 trident of venom!
Casting: Shock (safe; 1% risk of failure)
Confirm with . or Enter, or press ? or * to list all spells.
The spell is quite dangerous to miscast (11% risk of failure)!
Continue anyway?
Aiming: Airstrike (quite dangerous; 11% risk of failure)
Press: ? - help, Dir - move target, f - gnoll sergeant
Aim: a gnoll sergeant, wielding a +1 trident of venom, wearing a +0 ring mail and wearing a +0 kite shield (severely wounded, empty space bonus: 5/8)
You miscast Airstrike.
You are very lightly contaminated with residual magic.
Nothing appears to happen.
The gnoll sergeant hits you from afar with a +1 trident of venom!
You are poisoned.
You feel very sick.
The gnoll sergeant hits you with a +1 trident of venom!
* * * LOW HITPOINT WARNING * * *
You are lethally poisoned!
Casting: Airstrike (quite dangerous; 11% risk of failure)
Confirm with . or Enter, or press ? or * to list all spells.
The gnoll sergeant is struck by an arc of lightning.
The gnoll sergeant is almost dead.
You are struck by an arc of lightning.
* * * LOW HITPOINT WARNING * * *
The gnoll sergeant is struck by an arc of lightning.
You kill the gnoll sergeant!
Vehumet accepts your kill.
The lightning grounds out.
You die...

##. #.(. ##....
#......
#######......
###..<.........
............###.
........#.@).#
#..........##...#
#..##...###.# ..#
.. #..... ... ..
. ....... ....
....... ......
.#.. ...... #..
......


There were no monsters in sight!

Vanquished Creatures
  A black bear (D:4)
  An ogre (D:5)
  A phantom (D:4)
  A gnoll sergeant (D:6)
  3 scorpions
  A hound (D:5)
  An orc priest (D:3)
  An iguana (D:5)
  6 gnolls (D:3)
  An adder (D:3)
  A worm (D:2)
  A dart slug (D:5)
  5 orcs
  5 bats
  10 endoplasms
  7 goblins
  7 hobgoblins
  2 jackals (D:1)
  6 kobolds
  6 ball pythons
  4 frilled lizards
  4 rats (D:1)
75 creatures vanquished.

Vanquished Creatures (others)
  3 plants (D:1)
3 creatures vanquished.

Grand Total: 78 creatures vanquished

Notes
Turn   | Place    | Note
-------+----------+-------------------------------------------
     0 | D:1      | happo123 the Tengu Air Elementalist began the quest for the
                  | Orb.
     0 | D:1      | Reached XP level 1. HP: 10/10 MP: 4/4
   148 | D:1      | Reached XP level 2. HP: 11/15 MP: 3/6
   154 | D:1      | Learned a level 2 spell: Static Discharge
   195 | D:1      | Found a faded altar of an unknown god.
   662 | D:1      | Reached XP level 3. HP: 18/20 MP: 7/7
   666 | D:1      | Learned a level 3 spell: Swiftness
  1790 | D:3      | Reached skill level 5 in Air Magic
  1790 | D:3      | Reached XP level 4. HP: 24/24 MP: 1/8
  1827 | D:3      | Reached skill level 1 in Fighting
  2152 | D:3      | Gained mutation: Your magical nature lets you fly swiftly
                  | and evasively. [Tengu growth]
  2152 | D:3      | Reached XP level 5. HP: 20/29 MP: 4/9
  2178 | D:3      | Identified the +4 short sword "Hellblazer" {venom, rN+}
  2628 | D:4      | Noticed a black bear
  2655 | D:4      | Killed a black bear
  2656 | D:4      | Reached XP level 6. HP: 21/34 MP: 3/11
  2661 | D:4      | Learned a level 4 spell: Airstrike
  2699 | D:4      | Reached skill level 6 in Air Magic
  2798 | D:4      | Found Wacw's Jewellery Shop.
  2906 | D:4      | Found a shadowy altar of Dithmenos.
  3019 | D:4      | Found a glowing silver altar of Zin.
  3021 | D:4      | Found a glowing golden altar of the Shining One.
  3302 | D:4      | Reached XP level 7. HP: 29/39 MP: 8/12
  3497 | D:5      | Entered Level 5 of the Dungeon
  3497 | D:5      | Found a staircase to the Ecumenical Temple.
  3506 | Temple   | Entered the Ecumenical Temple
  3543 | Temple   | Became a worshipper of Vehumet
  3586 | D:5      | Reached skill level 1 in Hexes
  4374 | D:6      | Succumbed to a gnoll sergeant's poison

Illustrated notes

Levels and vault maps discovered:
D:1:      onia_arrival_mini_maze_b, layout_loops_ring, serial_forest,
          infiniplex_forest_clump_long, infiniplex_forest_zigzag_1,
          infiniplex_forest_clump_cross, infiniplex_forest_zigzag_1,
          infiniplex_forest_diagonal, infiniplex_forest_corner_1,
          infiniplex_forest_lined_3, basic_ecumenical_altar,
          minmay_misc_feat_chi
D:2:      layout_basic, palyth_stone_intersect
D:3:      layout_basic
D:4:      layout_loops_ring, nicolae_overflow_hidden_temple,
          chequers_temple_overflow_statue_of_worship, serial_shops,
          nicolae_shop_temple_entry_statues_fountains
D:5:      layout_basic, minmay_temple_entry_large_hall
D:6:      layout_cave_pools, gammafunk_temple_overflow_pools,
          eat_drink_and_be_merry_uskayaw, chequers_serial_rivers_room_a
Temple:   eino_temple_lava

Skill      XL: |  1  2  3  4  5  6  7 |
---------------+----------------------+-----
Conjurations   | 2 3 4 |  4.9
Air Magic      | 5 6 |  6.6
Fighting       | 1 2 |  2.2
Dodging        | 3 |  3.5
Stealth        | 3 |  3.3
Spellcasting   | 3 |  3.1
Hexes          | 1 |  1.1

Action                   |  1- 3 |  4- 6 |  7- 9 || total
-------------------------+-------+-------+-------++-------
Melee: Unarmed           |    12 |       |       ||    12
       Kick              |     7 |    12 |       ||    19
       Peck              |     6 |     6 |     2 ||    14
       Short sword       |    25 |    31 |     7 ||    63
       Punch             |     1 |       |     1 ||     2
 Cast: Shock             |    32 |    30 |    11 ||    73
       Static Discharge  |     7 |     8 |     2 ||    17
       Airstrike         |       |     1 |     2 ||     3
 Stab: Sleeping          |     8 |     3 |     2 ||    13
Armor: Robe              |    12 |     3 |       ||    15
Dodge: Dodged            |    26 |    26 |     7 ||    59

Table legend: (Time is in decaauts)
 A = Elapsed time spent in this place.
 B = Non-inter-level travel time spent in this place.
 C = Inter-level travel time spent in this place.
 D = Time resting spent in this place.
 E = Time spent auto-exploring this place.
 F = Levels seen in this place.
 G = Mean time per level.
                   A        B        C        D        E       F      G
               +--------+--------+--------+--------+--------+-----+--------+
         Total |   4179 |   2680 |   1499 |     64 |   1817 |   7 |  597.0 |
       Dungeon |   4125 |   2640 |   1485 |     64 |   1785 |   6 |  687.5 |
        Temple |     54 |     41 |     13 |      0 |     32 |   1 |   54.0 |
               +--------+--------+--------+--------+--------+-----+--------+

Top non-repeatable levels by time:
     D:2: 912 daAuts
     D:1: 847 daAuts
     D:4: 823 daAuts
     D:3: 816 daAuts
     D:5: 715 daAuts
  Temple: 54 daAuts
     D:6: 10 daAuts
